 Dungeon Crawl Stone Soup version 0.29.1-12-g30fa7ad0bf (webtiles) character file.

Game seed: 2207331403512868804

132 RapScallion the Chopper (level 5, 0/46 HPs)
             Began as a Hill Orc Fighter on Jan 19, 2023.
             Slain by a lemure (4 damage)
             ... led by Pikel
             ... on level 4 of the Dungeon.
             The game lasted 00:09:08 (3201 turns).

RapScallion the Chopper (Hill Orc Fighter)          Turns: 3201, Time: 00:09:10

Health: 0/46       AC: 11    Str: 21    XL:     5   Next: 15%
Magic:  5/5        EV:  5    Int:  8    God:
Gold:   142        SH:  4    Dex: 10    Spells: 4/4 levels left

rFire   . . .      SeeInvis .   a - +0 war axe
rCold   . . .      Faith    .   c - +0 buckler
rNeg    . . .      Spirit   .   j - +0 plate armour
rPois   .          Reflect  .   (no helmet)
rElec   .          Harm     .   f - scarf {shadows}
rCorr   .          Rampage  .   (no gloves)
Will    .....                   (no boots)
Stlth   ..........              (no amulet)
HPRegen 0.15/turn               (no ring)
MPRegen 0.09/turn               (no ring)

@: mighty
A: no striking features
a: no special abilities


You were on level 4 of the Dungeon.
You visited 1 branch of the dungeon, and saw 4 of its levels.

You collected 142 gold pieces.

Inventory:

Hand Weapons
 a - a +0 war axe (weapon)
Armour
 b - a +0 scale mail
 c - a +0 buckler (worn)
 f - a scarf of shadows (worn)
 j - a +0 plate armour (worn)
Jewellery
 g - a ring of fire
 o - a ring of magical power
Scrolls
 e - a scroll of butterflies {unknown}
 k - 5 scrolls of teleportation
 m - a scroll of amnesia {unknown}
 n - a scroll of immolation {unknown}
Potions
 d - a potion of might
 h - a potion of heal wounds
 i - 2 potions of attraction {unknown}
 l - 2 potions of mutation


   Skills:
 + Level 4.2 Fighting
 + Level 5.1 Axes
 + Level 4.0 Armour
 + Level 0.3 Dodging
 + Level 0.2 Stealth
 + Level 3.7 Shields


You had 4 spell levels left.
You didn't know any spells.
Your spell library contained the following spells:

 Spells                   Type           Power      Damage    Failure   Level
 Magic Dart               Conj           0%         1d3       100%        1
 Scorch                   Fire           0%         2d5       100%        2
 Searing Ray              Conj           0%         2d4       100%        2
 Ozocubu's Armour         Ice            0%         N/A       100%        3
 Flame Wave               Conj/Fire      0%         2d4       100%        4
 Fulminant Prism          Conj/Hex       0%         3d6       100%        4
 Summon Cactus Giant      Summ           0%         N/A       100%        6
 Ozocubu's Refrigeration  Ice            0%         4d7       100%        7


Dungeon Overview and Level Annotations

Branches:
Dungeon (4/15)
 Temple: D:4-7

Altars:
Gozag

Shops:
D:1 :   D:2 [

Annotations:
D:4 Pikel


Message History

You block the lemure's attack. The lemure hits you but does no damage.
You slash the lemure!
The lemure is heavily wounded.
You slash Pikel!
Pikel hits you with a +1 whip of flaming.
Pikel burns you. The lemure hits you but does no damage.
You block Pikel's attack. The lemure hits you but does no damage.
Pikel hits you with a +1 whip of flaming!
Pikel burns you.
You hit Pikel.
Pikel is moderately wounded.
You barely miss the lemure. x2; You block Pikel's attack.
The lemure barely misses you.
You hit Pikel.
Pikel is moderately wounded.
You hit the lemure. You miss the lemure. You hit the lemure. x2
Pikel hits you with a +1 whip of flaming.
Pikel burns you. The lemure hits you but does no damage.
The lemure barely misses you.
The lemure hits you but does no damage. x3
Pikel hits you with a +1 whip of flaming!
Pikel burns you.
* * * LOW HITPOINT WARNING * * *
The lemure hits you but does no damage. x2; The lemure hits you.
* * * LOW HITPOINT WARNING * * *
You closely miss Pikel.
Pikel is moderately wounded.
You slash the lemure! x3; You miss the lemure.
You block the lemure's attack. Pikel hits you but does no damage.
The lemure barely misses you. The lemure hits you.
* * * LOW HITPOINT WARNING * * *
You block the lemure's attack.
Unknown command.
You hit Pikel.
Pikel is moderately wounded.
You completely miss the lemure. You closely miss the lemure.
You slash the lemure! x2
You kill the lemure!
That felt strangely unrewarding.
The lemure hits you but does no damage. Pikel hits you but does no damage.
The lemure hits you.
You die...

.#....# ......#.
........ ...
.....##... .[# .#####
... ##.##### .#
#...#......# .###
#...#......# ...#
.#......55..## ...#
..?....K@...# ...#
#........5....# ...#
#....#........#
...####.#.##........#
...............######
.#####.##......#
.#.............#
.#.............#
.#....)........######


You could see Pikel and 3 lemures.

Vanquished Creatures
  A lemure (D:4)
  An orc wizard (D:3)
  An adder (D:2)
  2 worms
  A dart slug (D:1)
  4 orcs (D:3)
  4 ball pythons
  11 endoplasms
  4 giant cockroaches
  9 goblins
  9 hobgoblins
  5 jackals (D:1)
  2 quokkas
  7 bats
  3 frilled lizards
  7 kobolds
  6 rats
77 creatures vanquished.

Vanquished Creatures (others)
  2 demonic plants (D:1)
2 creatures vanquished.

Grand Total: 79 creatures vanquished

Notes
Turn   | Place    | Note
-------+----------+-------------------------------------------
     0 | D:1      | RapScallion the Hill Orc Fighter began the quest for the
                  | Orb.
     0 | D:1      | Reached XP level 1. HP: 19/19 MP: 1/1
    24 | D:1      | Reached XP level 2. HP: 18/27 MP: 2/2
   166 | D:1      | Reached skill level 3 in Axes
   288 | D:1      | Found a faded altar of an unknown god.
   305 | D:1      | Reached XP level 3. HP: 21/33 MP: 3/3
   658 | D:1      | Found Akhugetz's Vocational Training.
  1268 | D:2      | Reached skill level 4 in Axes
  1268 | D:2      | Reached XP level 4. HP: 38/40 MP: 4/4
  1850 | D:2      | Found Kaattasm's Antique Armour Shoppe.
  2050 | D:3      | Found an opulent altar of Gozag.
  2361 | D:3      | Reached XP level 5. HP: 46/46 MP: 5/5
  2575 | D:3      | Reached skill level 5 in Axes
  3188 | D:4      | Noticed a lemure
  3191 | D:4      | Noticed Pikel
  3191 | D:4      | Noticed a lemure
  3193 | D:4      | Noticed a lemure
  3193 | D:4      | Noticed a lemure
  3201 | D:4      | Killed a lemure
  3201 | D:4      | Slain by a lemure

Illustrated notes

Levels and vault maps discovered:
D:1:      tarquinn_simple_flora_water_f, layout_basic,
          ebering_ecumenical_altar_mist, dreamdust_princess_corridor,
          nicolae_shop_vocational
D:2:      layout_loops_cross, serial_shops, nicolae_shop_statue_plus,
          kennysheep_generic_room_9
D:3:      layout_loops_ring, mainiacjoe_overflow_concentric_impassable,
          hangedman_decor_growths, grunt_decor_junction, roderic_lattice_a,
          skrybe_limestone_x
D:4:      layout_basic, wad_floor_pattern_1, minivault_14, item_on_display_a,
          uniq_pikel

Skill      XL: |  1  2  3  4  5 |
---------------+----------------+-----
Fighting       | 4 |  4.2
Axes           | 3 4 5 |  5.1
Armour         | 4 |  4.0
Dodging        | |  0.3
Stealth        | |  0.2
Shields        | |  3.7

Action                   |  1- 3 |  4- 6 || total
-------------------------+-------+-------++-------
Melee: War axe           |    94 |   104 ||   198
  Use: Scroll            |       |     3 ||     3
       Potion            |       |     1 ||     1
Armor: Scale mail        |    60 |     8 ||    68
       Plate armour      |       |    81 ||    81
Dodge: Dodged            |    54 |    33 ||    87
Block: Buckler           |    27 |    28 ||    55
